AoeStats
← The Grand Wazoo

Golden Pit

503168672Analyzed
1v1 RM · 1mo ago on Aug 30, 2026· 46m 4s· 2 players
Game mode
Random Map
Map size
Tiny (2 player)
Population
200
Speed
Normal
Resources
Standard
Victory
Conquest
Starting age
Dark Age
Ending age
Imperial Age
RankedLock teamsTeams togetherTeam positionsShared explorationLock speedFull tech treeHidden civsTurbo modeCheats
Victory
Defeat
🇧🇷 Spanish · Brazil
518
+18
🇨🇭 Lithuanians · Switzerland
563
-18
HasaN
12:46 Feudal Age
11:03 Loom
18:56 Castle Age
17:10 Double-Bit Axe
21:03 Padded Archer Armor
24:05 Leather Archer Armor
25:50 Wheelbarrow
30:54 Stone Mining
30:55 Gold Mining
31:31 Bow Saw
31:56 Horse Collar
32:55 Stone Shaft Mining
34:31 Bloodlines
34:22 Husbandry
39:15 Imperial Age
37:01 Hand Cart
40:29 Ballistics
41:10 Chemistry
40:43 Ring Archer Armor
43:18 Supremacy
44:10 Elite Conquistador
The Grand Wazoo
8:06 Loom
11:25 Feudal Age
12:51 Double-Bit Axe
16:10 Scale Barding Armor
17:06 Bloodlines
20:15 Forging
23:20 Castle Age
24:01 Forging
24:16 Horse Collar
25:23 Chain Barding Armor
26:48 Heavy Plow
28:02 Iron Casting
29:43 Husbandry
32:54 Murder Holes
38:24 Imperial Age
37:08 Bloodlines
36:54 Fletching
37:24 Masonry
37:49 Town Watch
38:45 Wheelbarrow
38:44 Town Patrol
43:26 Architecture
Connection lost

Rejoining the realm…

Still unreachable

The connection could not be restored.

Session expired

The server has moved on; the page needs a fresh start.